 Dungeon Crawl Stone Soup version 0.23.0-3-gf3c87f2 (webtiles) character file.

Game seed: 238953665816132831

53 wolfsongas the Sneak (level 3, -2/23 HPs)
             Began as an Octopode Wanderer on Feb 24, 2019.
             Killed from afar by an orc wizard (7 damage)
             ... with a magic dart
             ... on level 2 of the Dungeon.
             The game lasted 00:02:22 (1115 turns).

wolfsongas the Sneak (Octopode Wanderer)            Turns: 1115, Time: 00:02:22

Health: -2/23      AC:  3    Str:  9    XL:     3   Next: 87%
Magic:  3/3        EV: 13    Int: 15    God:
Gold:   84         SH:  0    Dex: 11    Spells: 2/2 levels left

rFire    . . .     SeeInvis .   c - +0 quarterstaff
rCold    . . .     Gourm    .   (shield currently unavailable)
rNeg     . . .     Faith    .   (helmet restricted)
rPois    .         Spirit   .   (no amulet)
rElec    .         Reflect  .   (no ring)
rCorr    .         Harm     .   (no ring)
MR       .....                  (no ring)
Stlth    ++........             (no ring)
HPRegen  0.07/turn              (no ring)
MPRegen  0.08/turn              (no ring)
                                (no ring)
                                (no ring)

@: confused
A: almost no armour, stealthy swim, amphibious, 8 rings, constrict 8, yellow
scales 1, camouflage 1, clumsy 1, wild magic 1, gelatinous body 1
a: no special abilities


You were on level 2 of the Dungeon.
You were hungry.

You visited 1 branch of the dungeon, and saw 2 of its levels.

You collected 84 gold pieces.

Inventory:

Hand Weapons
 a - a +2 hand crossbow
 c - a +0 quarterstaff (weapon)
 e - a +0 dagger
Missiles
 b - 27 bolts
Scrolls
 h - a scroll of remove curse
Comestibles
 f - 4 rations


   Skills:
 - Level 1.0 Fighting
 + Level 3.4 Staves
 - Level 3.0 Crossbows
 - Level 1.0 Throwing
 * Level 2.2 Dodging
 + Level 3.6 Stealth


You had 2 spell levels left.
You didn't know any spells.
Your spell library was empty.

Dungeon Overview and Level Annotations

Branches:
Dungeon (2/15)

Altars:


Innate Abilities, Weirdness & Mutations

You cannot wear most types of armour.
You are very stealthy in the water. (Stealth+)
You are amphibious.
You can wear up to eight rings at the same time.
You can use your tentacles to constrict eight enemies at once.
Your skin changes colour to match your surroundings (Stealth+).
Your rubbery body absorbs attacks. (AC +1, EV +1)
You are partially covered in yellow scales. (AC +2)
You are clumsy. (Dex -2)
Your spells are a little harder to cast, but a little more powerful.


Message History

You hear some strange, mumbled words.
A puff of flame appears from out of thin air!
The puff of flame hits you. Something completely misses you.
You barely miss something. Your squeeze misses something.
Something hits you but does no damage. x2
You miss something.
You hear some strange, mumbled words.
You are confused.
Something hits you.
You barely miss something. Something hits you. x2
* * * LOW HITPOINT WARNING * * *
You bump into the rock wall.
You hear some strange, mumbled words.
Something tries to affect you, but you resist.
Something hits you but does no damage.
You closely miss something. Your squeeze misses something.
You hear some strange, mumbled words.
A magic dart appears from out of thin air!
The magic dart hits you!
You die...

############
#..........#
#..........#
#..........#
#######..........#
.................#
.................#
..........†.....>#
...............{@#
.......#########{#
........... #o..#
#########... .(#.#
... (..#.# ......#
# (....# .(.####
.(..


You could see an orc priest.

Vanquished Creatures
  An adder (D:2)
  2 worms (D:2)
  A dart slug (D:1)
  2 orcs (D:2)
  A ball python (D:1)
  5 bats
  A giant cockroach (D:2)
  4 goblins
  6 hobgoblins
  6 kobolds
  2 frilled lizards (D:1)
  A rat (D:1)
32 creatures vanquished.

Notes
Turn   | Place    | Note
-------+----------+-------------------------------------------
     0 | D:1      | wolfsongas the Octopode Wanderer began the quest for the
                  | Orb.
     0 | D:1      | wolfsongas set off with the following items: a +2 hand
                  | crossbow, 26 bolts, a +0 quarterstaff, a potion of curing,
                  | a +0 dagger, a ration
     0 | D:1      | Reached XP level 1. HP: 13/13 MP: 1/1
    83 | D:1      | Reached skill level 1 in Dodging
    83 | D:1      | Reached XP level 2. HP: 18/18 MP: 2/2
   661 | D:1      | Gained mutation: You are clumsy. (Dex -2) [potion of
                  | mutation]
   661 | D:1      | Gained mutation: Your spells are a little harder to cast,
                  | but a little more powerful. [potion of mutation]
   661 | D:1      | Gained mutation: You are partially covered in yellow
                  | scales. (AC +2) [potion of mutation]
   845 | D:2      | Reached XP level 3. HP: 23/23 MP: 3/3
  1115 | D:2      | Killed from afar by an orc wizard

Skill      XL: |  1  2  3 |
---------------+----------+-----
Dodging        | 1 2 |  2.2
Stealth        | 3 |  3.6
Fighting       | |  1.0
Staves         | |  3.4
Crossbows      | |  3.0
Throwing       | |  1.0

Action                   || total
-------------------------++-------
Melee: Quarterstaff      ||    12
 Fire: Hand crossbow     ||    73
  Use: Scroll            ||     5
       Potion            ||     8
Armor: Skin              ||    11
Dodge: Dodged            ||    19
